 Dungeon Crawl Stone Soup version 0.28-a0-1506-g3893175d92 (webtiles) character file.

Game seed: 11870380504252054299

3166 murtidash the Thaumaturge (level 10, -5/60 HPs)
             Began as a Djinni Hedge Wizard on Jan 13, 2022.
             Was a Follower of Ashenzari.
             Shot with an arrow by a centaur (9 damage)
             ... on level 7 of the Dungeon.
             The game lasted 00:16:00 (7411 turns).

murtidash the Thaumaturge (Djinni Hedge Wizard)     Turns: 7411, Time: 00:16:01

Health: -5/60      AC:  3    Str: 12    XL:     10   Next: 15%
Gold:   377        EV: 12    Int: 21    God:    Ashenzari [*.....] SH:  0 Dex: 12

rFire   + . .      SeeInvis .   f - +2 short sword (protect)
rCold   . . .      Faith    .   (no shield)
rNeg    + . .      Spirit   .   u - +1 robe "Incredulity of the Sky" {+Blink rN+ Str+3, Cun, Melee} (curse)
rPois   ∞          Reflect  .   c - +0 hat "I Knew You'd Do That" {Range, Self} (curse)
rElec   .          Harm     .   (no cloak)
rCorr   .          Rampage  .   (no gloves)
Will    +....                   (boots unavailable)
Stlth   ++........              r - amulet of regeneration {+regen, !d}
HPRegen 1.00/turn               p - ring of ice {rC+, rF-}
MPRegen 0.00/turn               (no ring)

@: flying
A: sickness immunity, fire resistance 2, cold vulnerability 1, float, innate
caster, hp casting, extra vitality 1
a: Renounce Religion, Evoke Blink, Shatter the Chains


You were on level 7 of the Dungeon.
You worshipped Ashenzari.
Ashenzari was aware of your devotion.
You visited 2 branches of the dungeon, and saw 8 of its levels.
You also visited: Sewer.

You collected 377 gold pieces.

Inventory:

Hand Weapons
 a - a +0 dagger
 f - a +2 short sword of protection (weapon)
   (You took it off an orc on level 6 of the Dungeon)
 x - a +1 whip of flaming
   (You took it off Pikel on level 5 of the Dungeon)
Armour
 b - a +0 robe
 c - the cursed +0 hat "I Knew You'd Do That" (worn) {Range, Self}

   It has a curse which improves the following skills: Ranged Combat: Slings,
   Bows, Crossbows and Throwing.
   Introspection: Fighting and Spellcasting.
 j - a +0 pair of gloves
   (You found it on level 7 of the Dungeon)
 q - a +1 helmet
   (You found it on level 3 of the Dungeon)
 u - the cursed +1 robe "Incredulity of the Sky" (worn) {+Blink rN+ Str+3, Cun, Melee}
   (You found it on level 4 of the Dungeon)

   Str:       It affects your strength (+3).
   rN:        It protects you from negative energy.
   +Blink:    It lets you blink.
   It has a curse which improves the following skills: Cunning: Dodging and
   Stealth.
   Melee Combat: Short Blades, Long Blades, Axes, Maces & Flails, Polearms,
   Staves and Unarmed Combat.
Magical Staves
 w - a staff of air {rElec}
   (You found it on level 5 of the Dungeon)
Jewellery
 p - a ring of ice (left hand) {rC+, rF-}
   (You found it on level 3 of the Dungeon)
 r - an amulet of regeneration (around neck) {+regen, !d}
   (You found it on level 4 of the Dungeon)
Wands
 s - a wand of acid (13)
   (You found it on level 4 of the Dungeon)
Scrolls
 e - 6 scrolls of teleportation
 h - 2 scrolls of fear
 l - a scroll of enchant armour
 m - a scroll of summoning
 o - a scroll of holy word {!r}
 v - a scroll of immolation {!r}
 y - a scroll of blinking {!r}
Potions
 d - 2 potions of mutation {!q}
 g - 4 potions of heal wounds
 i - a potion of invisibility
 k - 4 potions of curing
 n - a potion of lignification {!q}
 t - a potion of cancellation
 z - a potion of brilliance
 A - 2 potions of berserk rage {!q}


   Skills:
 - Level 2.1(2.8) Dodging
 - Level 1.5(2.2) Stealth
 + Level 10.8(11.6) Spellcasting


You had 10 spell levels left.
You knew the following spells:

 Your Spells              Type           Power      Damage    Failure   Level
b - Blink                 Tloc           100%       N/A       1%          2
c - Call Imp              Summ           57%        N/A       1%          2
g - Shock                 Conj/Air       100%       1d9       1%          1
s - Slow                  Hex            100%       N/A       1%          1
x - Mephitic Cloud        Conj/Pois/Air  57%        N/A       1%          3
K - Flame Wave            Conj/Fire      57%        2d9       1%          4
M - Spider Form           Tmut/Pois      57%        N/A       1%          3
U - Static Discharge      Conj/Air       57%        N/A       1%          2
X - Conjure Flame         Conj/Fire      57%        6-21      1%          3
Z - Magic Dart            Conj           100%       1d8       1%          1
Your spell library was empty.

Dungeon Overview and Level Annotations

Branches:
Dungeon (7/15)             Temple (1/1) D:5           Sewer (visited)

Altars:
Ashenzari
Cheibriados
Dithmenos
Elyvilon
Fedhas
Hepliaklqana
Kikubaaqudgha
Makhleb
Nemelex Xobeh
Okawaru
Ru
Sif Muna
Trog
Vehumet
Wu Jian
Xom
Yredelemnul
Zin
The Shining One

Shops:
D:6 *


Innate Abilities, Weirdness & Mutations

You are immune to sickness and miasma.
You are immune to poison.
Your flesh is very heat resistant. (rF++)
You are vulnerable to cold. (rC-)
You float through the air rather than walking.
You learn spells naturally, not from books.
Your magical power is your life essence.
You have superior vitality. (+4 MHP)


Message History

You take 13 damage, and have 41/60 hp.
MASSIVE DAMAGE!!
The zap hits the wight.
A wight comes into view. It is wielding a +3 dagger.
The wight hits you from afar with a +0 halberd!
You take 9 damage, and have 32/60 hp.
The zap hits the wight. x3; The wight closely misses you.
The zap hits the wight.
You destroy the wight!
The zap hits the wight.
The zap hits the wight.
The wight hits you with a +3 dagger.
You take 3 damage, and have 29/60 hp.
The zap hits the wight but does no damage.
The wight hits you with a +3 dagger!
You take 7 damage, and have 22/60 hp.
The zap hits the wight.
You destroy the wight!
You can't see any susceptible monsters within range! (Use Z to cast anyway.)
A centaur zombie comes into view.
You regained 16 hp, and now have 38/60 hp.
The zap hits the centaur zombie. x2
The centaur zombie hits you.
The centaur zombie kicks you but does no damage.
You take 1 damage, and have 37/60 hp.
The centaur zombie completely misses you.
The centaur zombie kicks you but does no damage.
The zap hits the centaur zombie. x2; The centaur zombie barely misses you. x2
The zap hits the centaur zombie!
The zap hits the centaur zombie.
The centaur zombie hits you. The centaur zombie kicks you.
You take 6 damage, and have 33/60 hp.
The zap hits the centaur zombie.
The zap hits the centaur zombie!
You destroy the centaur zombie!
A necrophage comes into view.
You regained 21 hp, and now have 54/60 hp.
The fire begins to smoulder!
You take 2 damage, and have 53/60 hp.
The necrophage smothers the flame.
Health restored: 60 The necrophage hits you.
You take 3 damage, and have 57/60 hp.
Things that are here:
a +0 giant spiked club; a killer bee corpse Health restored: 60 The necrophage hits you.
You take 5 damage, and have 55/60 hp.
Aim: a necrophage (74% to hit)
The zap misses the necrophage.
The necrophage misses you.
Aim: a necrophage (74% to hit)
The zap misses the necrophage.
The necrophage hits you.
You take 3 damage, and have 53/60 hp.
Aim: a necrophage (74% to hit)
The zap hits the necrophage!
The necrophage hits you.
You take 1 damage, and have 53/60 hp.
Aim: a necrophage (moderately damaged, 74% to hit)
The zap hits the necrophage!
The necrophage hits you but does no damage.
Aim: a necrophage (heavily damaged, 74% to hit)
The zap misses the necrophage.
The necrophage barely misses you.
Aim: a necrophage (heavily damaged, 74% to hit)
The zap hits the necrophage!
The necrophage hits you.
You take 4 damage, and have 49/60 hp.
Aim: a necrophage (almost destroyed, 74% to hit)
The zap hits the necrophage!
You destroy the necrophage!
You can't see any susceptible monsters within range! (Use Z to cast anyway.)
You can't see any susceptible monsters within range! (Use Z to cast anyway.)
You now have 377 gold pieces (gained 14).
A centaur comes into view.
Health restored: 60 A centaur is nearby!
Aim: a centaur, quivering arrows (asleep, 100% to hit)
The zap hits the centaur.
The centaur shouts!
The centaur wields a +0 shortbow.
The centaur shoots an arrow.
The arrow hits you.
You take 6 damage, and have 54/60 hp.
Aim: a centaur, wielding a +0 shortbow and quivering arrows (lightly wounded, 84% to hit)
The zap hits the centaur.
The centaur shoots an arrow.
The arrow hits you!
You take 9 damage, and have 45/60 hp.
Aim: a centaur, wielding a +0 shortbow and quivering arrows (moderately wounded, 84% to hit)
The zap hits the centaur.
The centaur shoots an arrow.
The arrow closely misses you.
Aim: a centaur, wielding a +0 shortbow and quivering arrows (heavily wounded, 84% to hit)
The zap hits the centaur.
The centaur shoots an arrow.
The arrow hits you!
You take 12 damage, and have 33/60 hp.
Aim: a centaur, wielding a +0 shortbow and quivering arrows (heavily wounded, 84% to hit)
The zap hits the centaur.
The centaur shoots an arrow.
The arrow completely misses you.
The centaur shoots an arrow.
The arrow hits you.
You take 5 damage, and have 28/60 hp.
Aim: a centaur, wielding a +0 shortbow and quivering arrows (heavily wounded, 84% to hit)
The zap hits the centaur.
The centaur shoots an arrow.
The arrow hits you!
* * * LOW HITPOINT WARNING * * *
You take 11 damage, and have 17/60 hp.
Aim: a centaur, wielding a +0 shortbow and quivering arrows (severely wounded, 84% to hit)
The zap hits the centaur.
* * * LOW HITPOINT WARNING * * *
The centaur shoots an arrow.
The arrow hits you!
* * * LOW HITPOINT WARNING * * *
The centaur shoots an arrow.
The arrow hits you!
You die...

#.#....#....#
#.####.######....#
#c#....# ######
#.#.#### #.#.#
#.#.# #/#.# #.#.#
#.##@#.# #......#
#..#.### ##.#.# #
... ...# .....
.....! ......


You could see a centaur.

Vanquished Creatures
  Pikel (D:5)
  Grinder (D:5)
  Sigmund (D:5)
  A steam dragon (D:7)
  2 sky beasts (D:6)
  An ice beast (D:6)
  2 black bears (D:4)
  2 necrophages
  3 ogres
  A phantom (D:4)
  2 lemures (D:5)
  2 bullfrogs (D:6)
  A wyvern zombie (D:6)
  A scorpion (D:5)
  3 killer bees (D:7)
  4 wights (D:7)
  A jelly (D:5)
  3 centaur zombies
  A gnoll shaman (D:5)
  3 hounds
  2 bullfrog skeletons
  A centaur skeleton (D:6)
  An iguana (D:6)
  A merfolk siren (Sewer)
  A merfolk avatar (Sewer)
  9 adders
  6 gnolls
  A river rat (Sewer)
  A shadow imp (D:6)
  A white imp (D:6)
  An ufetubus (D:5)
  2 worms
  5 dart slugs
  3 orcs (D:6)
  4 endoplasms
  6 giant cockroaches
  7 goblins
  3 hobgoblins
  8 kobolds
  8 quokkas
  7 ball pythons
  6 bats
  11 frilled lizards
  21 rats
152 creatures vanquished.

Vanquished Creatures (collateral kills)
  An iguana (D:5)
1 creature vanquished.

Vanquished Creatures (others)
  A killer bee (D:7)
  7 plants
8 creatures vanquished.

Grand Total: 161 creatures vanquished

Notes
Turn   | Place    | Note
-------+----------+-------------------------------------------
     0 | D:1      | murtidash the Djinni Hedge Wizard began the quest for the
                  | Orb.
     0 | D:1      | Reached XP level 1. HP: 15/15 MP: 0/0
   105 | D:1      | Found a faded altar of an unknown god.
   151 | D:1      | HP: 2/15 [frozen (4)]
   153 | D:1      | Reached XP level 2. HP: 2/21 MP: 0/0
   634 | D:1      | Reached skill level 3 in Spellcasting
  1146 | D:2      | Reached XP level 3. HP: 17/25 MP: 0/0
  1146 | D:2      | Learned a level 1 spell: Shock
  1852 | D:2      | Reached XP level 4. HP: 28/31 MP: 0/0
  3105 | D:3      | Reached skill level 4 in Spellcasting
  3393 | D:4      | Noticed a black bear
  3411 | D:4      | Killed a black bear
  3412 | D:4      | Reached XP level 5. HP: 18/35 MP: 0/0
  3412 | D:4      | Learned a level 2 spell: Static Discharge
  3802 | D:4      | Reached XP level 6. HP: 22/40 MP: 0/0
  3966 | D:4      | Noticed a black bear
  3979 | D:4      | Killed a black bear
  3980 | D:4      | Reached skill level 5 in Spellcasting
  4012 | D:4      | Noticed a necrophage
  4145 | D:4      | Killed a necrophage
  4146 | D:4      | Reached XP level 7. HP: 43/45 MP: 0/0
  4146 | D:4      | Learned a level 3 spell: Spider Form
  4333 | D:4      | Reached skill level 6 in Spellcasting
  4464 | D:4      | Identified the +1 robe of Giykey {+Blink rN+ Str+3}
  4599 | D:5      | Entered Level 5 of the Dungeon
  4714 | D:5      | Noticed Grinder
  4723 | D:5      | Killed Grinder
  4725 | D:5      | Reached XP level 8. HP: 27/50 MP: 0/0
  4770 | D:5      | Noticed Sigmund
  4779 | D:5      | Killed Sigmund
  4780 | D:5      | Reached skill level 7 in Spellcasting
  4890 | D:5      | Found a staircase to the Ecumenical Temple.
  4971 | D:5      | Noticed Pikel
  4988 | D:5      | Killed Pikel
  4989 | D:5      | Reached skill level 8 in Spellcasting
  4989 | D:5      | Reached XP level 9. HP: 39/55 MP: 0/0
  4989 | D:5      | Learned a level 4 spell: Flame Wave
  5036 | Temple   | Entered the Ecumenical Temple
  5136 | Temple   | Became a worshipper of Ashenzari the Shackled
  5686 | D:6      | Reached skill level 9 in Spellcasting
  5763 | D:6      | Found a glowing drain.
  5773 | Sewer    | Entered a sewer
  6289 | D:6      | Found Faij Muo's Elemental Accessories.
  6650 | D:6      | Found a glowing golden altar of the Shining One.
  6690 | D:6      | Found a white marble altar of Elyvilon.
  6953 | D:6      | Reached * piety under Ashenzari
  6999 | D:6      | Reached skill level 10 in Spellcasting
  7014 | D:6      | Found an iron altar of Okawaru.
  7176 | D:7      | Reached XP level 10. HP: 25/60 MP: 0/0
  7411 | D:7      | HP: 4/60 [centaur/arrow (13)]
  7411 | D:7      | Shot with an arrow by a centaur

Illustrated notes

Levels and vault maps discovered:
D:1:      heliophobic_arrival_henge, layout_basic,
          hellmonk_ecumenical_altar_lost_god
D:2:      layout_basic, serial_bayou_lake_a
D:3:      layout_basic
D:4:      layout_basic, mainiacjoe_overflow_brackets,
          corexii_item_surrounded_by_moat
D:5:      layout_basic, minmay_temple_entry_wispy,
          chequers_serial_rivers_small_3, uniq_pikel, uniq_grinder, uniq_sigmund
D:6:      layout_loops_ring, okawaru_altar_gauntlet_db,
          mainiacjoe_overflow_large_starburst, portal_sewer_entry_f,
          serial_bayou_pond_b, nicolae_elemental_shop, grunt_ministairs_15,
          chequers_serial_rivers_small_b, grunt_tough_drop
D:7:      layout_basic, kennysheep_mini_moat
Temple:   regret_index_temple_waves

Skill      XL: |  1  2  3  4  5  6  7  8  9 |
---------------+----------------------------+-----
Spellcasting   | 3 4 5 6 8 10 | 10.8
Dodging        | |  2.1
Stealth        | |  1.5

Action                   |  1- 3 |  4- 6 |  7- 9 | 10-12 || total
-------------------------+-------+-------+-------+-------++-------
Melee: Dagger            |       |       |     1 |       ||     1
 Cast: Magic Dart        |    68 |    87 |   196 |    11 ||   362
       Shock             |       |     6 |   125 |    34 ||   165
       Conjure Flame     |       |     4 |     7 |     1 ||    12
       Mephitic Cloud    |       |     1 |    13 |       ||    14
       Slow              |       |       |     1 |       ||     1
       Call Imp          |       |       |     1 |       ||     1
Invok: Curse Item        |       |       |     2 |       ||     2
  Use: Scroll            |       |       |     5 |       ||     5
Armor: Robe              |     2 |     1 |    28 |     3 ||    34
Dodge: Dodged            |     4 |     8 |    81 |    11 ||   104

Table legend: (Time is in decaauts)
 A = Elapsed time spent in this place.
 B = Non-inter-level travel time spent in this place.
 C = Inter-level travel time spent in this place.
 D = Time resting spent in this place.
 E = Time spent auto-exploring this place.
 F = Levels seen in this place.
 G = Mean time per level.
                   A        B        C        D        E       F      G
               +--------+--------+--------+--------+--------+-----+--------+
         Total |   7409 |   7063 |    346 |    100 |   5894 |   9 |  823.2 |
       Dungeon |   6921 |   6644 |    277 |    100 |   5652 |   7 |  988.7 |
        Temple |    143 |     74 |     69 |      0 |     58 |   1 |  143.0 |
         Sewer |    343 |    343 |      0 |      0 |    184 |   1 |  343.0 |
               +--------+--------+--------+--------+--------+-----+--------+

Top non-repeatable levels by time:
     D:2: 1365 daAuts
     D:4: 1324 daAuts
     D:1: 1102 daAuts
     D:6: 1087 daAuts
     D:5: 931 daAuts
     D:3: 805 daAuts
   Sewer: 343 daAuts
     D:7: 304 daAuts
  Temple: 143 daAuts

Table legend:
 A = Kills in this place as a percentage of kills in entire the game.
 B = Kills by you in this place as a percentage of kills by you in the entire game.
 C = Kills by friends in this place as a percentage of kills by friends in the entire game.
 D = Other kills in this place as a percentage of other kills in the entire game.
 E = Experience gained in this place as a percentage of experience gained in the entire game.
 F = Experience gained in this place divided by the number of levels of this place that you have seen.
                   A       B       C       D       E      F
               +-------+-------+-------+-------+-------+----------------------
         Total | 100.0 | 100.0 | 100.0 | 100.0 | 100.0 | 502.6
       Dungeon |  77.6 |  77.3 | 100.0 | 100.0 |  97.5 | 629.7
         Sewer |  22.4 |  22.7 |   0.0 |   0.0 |   2.5 | 115.0
               +-------+-------+-------+-------+-------+----------------------
